 Dungeon Crawl Stone Soup version 0.28.0 (webtiles) character file.

Game seed: 7065466335223843991

2501 zeram the Unseen (level 9, 0/48 HPs)
             Began as an Octopode Brigand on Feb 5, 2022.
             Was an Initiate of Gozag.
             Shot with an arrow by a centaur (11 damage)
             ... on level 7 of the Dungeon.
             The game lasted 00:14:34 (8327 turns).

zeram the Unseen (Octopode Brigand)                 Turns: 8327, Time: 00:14:34

Health: 0/48       AC:  1    Str:  9 (10) XL:     9   Next: 53%
Magic:  9/9        EV: 13    Int: 16 (17) God:    Gozag
Gold:   492        SH:  0    Dex: 17 (18) Spells: 3/8 levels left

rFire   . . .      SeeInvis .   a - +2 dagger (elec)
rCold   . . .      Faith    .   (no shield)
rNeg    . . .      Spirit   .   (helmet restricted)
rPois   .          Reflect  .   (no amulet)
rElec   .          Harm     .   (no ring)
rCorr   .          Rampage  .   (no ring)
Will    .....                   (no ring)
Stlth   ++++++++..              (no ring)
HPRegen 0.16/turn               (no ring)
MPRegen 0.11/turn               (no ring)
                                (no ring)
                                (no ring)

@: no status effects
A: almost no armour, amphibious, 8 rings, camouflage 1, gelatinous body 1,
(nimble swimmer 1), tentacles, agile 2, deterioration 1, frail 1
a: Renounce Religion, Potion Petition, Call Merchant, Bribe Branch


You were on level 7 of the Dungeon.
You worshipped Gozag.
Gozag was aware of your devotion.
You visited 2 branches of the dungeon, and saw 8 of its levels.

You collected 574 gold pieces.
You paid 82 gold pieces to Gozag.

Inventory:

Hand Weapons
 a - a +2 dagger of electrocution (weapon)
 r - the +5 mace "Transmigrator" {vamp, Str+5}
   (You found it on level 5 of the Dungeon)

   It occasionally heals its wielder for a portion of the damage dealt when it
   wounds a living foe.
   Str:       It affects your strength (+5).
Missiles
 b - 18 poisoned darts (quivered)
 c - 2 curare-tipped darts
Jewellery
 i - a ring of positive energy
Wands
 d - a wand of polymorph (20)
 f - a wand of flame (46)
 j - a wand of iceblast (9)
 k - a wand of mindburst (1)
 l - a wand of paralysis (5)
 m - a wand of acid (3)
Scrolls
 e - a scroll of enchant armour
 h - a scroll of silence
 n - a scroll of magic mapping
 p - a scroll of identify
 s - a scroll of teleportation
 u - a scroll of blinking
Potions
 g - a potion of curing
 o - a potion of flight
 q - a potion of berserk rage
 t - a potion of might


   Skills:
 - Level 2.0 Fighting
 + Level 2.7 Short Blades
 - Level 2.0 Throwing
 + Level 1.7 Dodging
 + Level 17.6 Stealth
 - Level 0.2 Evocations


You had 3 spell levels left.
You knew the following spells:

 Your Spells              Type           Power      Damage    Failure   Level
a - Silence               Hex/Air        0%         N/A       100%        5

Your spell library contained the following spells:

 Spells                   Type           Power      Damage    Failure   Level
 Call Canine Familiar     Summ           0%         N/A       58%         3
 Portal Projectile        Hex/Tloc       0%         N/A       58%         3
 Leda's Liquefaction      Hex/Erth       0%         N/A       94%         4
 Passage of Golubria      Tloc           0%         N/A       94%         4
 Lehudib's Crystal Spear  Conj/Erth      0%         10d2      100%        8


Dungeon Overview and Level Annotations

Branches:
Dungeon (7/15)             Temple (1/1) D:4

Altars:
Ashenzari
Cheibriados
Dithmenos
Fedhas
Gozag
Hepliaklqana
Kikubaaqudgha
Makhleb
Nemelex Xobeh
Okawaru
Qazlal
Ru
Sif Muna
Trog
Uskayaw
Wu Jian
Xom
Yredelemnul
Zin

Shops:
D:1 (


Innate Abilities, Weirdness & Mutations

You cannot wear most types of armour.
You are amphibious.
You can wear up to eight rings at the same time.
Your skin changes colour to match your surroundings (Stealth+).
Your rubbery body absorbs attacks. (AC +1, EV +1)
((You are camouflaged when in or above water. (Stealth+)))
You have tentacles for arms and can constrict up to eight enemies at once.
You are very agile. (Dex +4)
Your body sometimes deteriorates upon taking damage.
You are frail. (-10% HP)


Message History

You hit the bullfrog. Lightning courses through the bullfrog!
Your grab misses the bullfrog. You squeeze the bullfrog.
The bullfrog is severely wounded.
The bullfrog closely misses you. The bullfrog hits you.
The howler monkey is distracted by your dazzling golden aura.
The howler monkey howls!
You barely miss the bullfrog. You grab the bullfrog. You squeeze the bullfrog.
The bullfrog is almost dead.
You constrict the bullfrog. The bullfrog hits you!
You are too injured to fight recklessly!
You release your grip on the bullfrog.
The howler monkey is no longer distracted by gold.
The howler monkey hoots and howls with incredible vigour!
You hear a shout!
You hit the bullfrog.
You kill the bullfrog!
You hit the howler monkey but do no damage.
You grab the howler monkey. You constrict the howler monkey.
The howler monkey hits you.
You hit the howler monkey but do no damage.
The howler monkey is lightly wounded.
You constrict the howler monkey. The howler monkey misses you.
You hit the howler monkey.
Lightning courses through the howler monkey!
You kill the howler monkey!
You start resting.
A centaur comes into view.
A centaur is nearby!
The centaur wields a +0 shortbow.
The centaur shoots an arrow.
The arrow barely misses you.
The centaur shoots an arrow.
The arrow hits you!
* * * LOW HITPOINT WARNING * * *
The centaur shoots an arrow.
The arrow hits you!
* * * LOW HITPOINT WARNING * * *
The centaur shoots an arrow.
The arrow closely misses you.
You feel better.
The centaur shoots an arrow.
The arrow closely misses you.
The centaur shoots an arrow.
The arrow hits you!
You die...
Your body crumbles into a pile of gold.

####......#
<.........# #....<.#
#...[..# ###.##.#
#.##.# ##.##.#
###############..##.#
#..c....@.<....#.##.#
#.#############..##.#
#.# #.....# #.#
#.###.# #.# #.# # #.#
#.. #c# ### #.# #.#


You could see a centaur.

Vanquished Creatures
  Grinder (D:6)
  Sigmund (D:5)
  Duvessa (D:5)
  2 water moccasins (D:6)
  3 ice beasts
  2 orc warriors
  An ogre (D:6)
  Blork the orc (D:5)
  3 bullfrogs
  2 scorpions (D:5)
  Dowan (D:5)
  3 howler monkeys (D:7)
  3 hounds
  2 orc priests
  A bullfrog skeleton (D:6)
  Natasha (thrice) (D:3)
  2 iguanas
  3 orc wizards
  A hound skeleton (D:4)
  13 gnolls
  4 adders
  A shadow imp (D:5)
  An ufetubus (D:6)
  A worm (D:5)
  3 dart slugs (D:1)
  13 orcs
  9 ball pythons
  8 endoplasms
  5 giant cockroaches
  39 goblins
  28 hobgoblins
  6 jackals (D:1)
  3 quokkas
  10 bats
  3 frilled lizards
  11 kobolds
  18 rats
212 creatures vanquished.

Notes
Turn   | Place    | Note
-------+----------+-------------------------------------------
     0 | D:1      | zeram the Octopode Brigand began the quest for the Orb.
     0 | D:1      | Reached XP level 1. HP: 14/14 MP: 1/1
    42 | D:1      | Reached XP level 2. HP: 15/19 MP: 2/2
    47 | D:1      | Reached skill level 6 in Stealth
   520 | D:1      | Reached XP level 3. HP: 24/24 MP: 3/3
   914 | D:1      | Reached skill level 7 in Stealth
  1135 | D:1      | Found Juokho's Weapon Emporium.
  1319 | D:2      | Reached XP level 4. HP: 29/29 MP: 4/4
  1671 | D:2      | Found a burning altar of Makhleb.
  1752 | D:2      | Found a faded altar of an unknown god.
  2002 | D:3      | Reached skill level 8 in Stealth
  2285 | D:3      | Gained mutation: You are resistant to electric shocks.
                  | (rElec) [potion of mutation]
  2285 | D:3      | Gained mutation: Your body sometimes deteriorates upon
                  | taking damage. [potion of mutation]
  2285 | D:3      | Gained mutation: Your mind is acute. (Int +2) [potion of
                  | mutation]
  2286 | D:3      | Lost mutation: You are resistant to electric shocks.
                  | (rElec) [potion of mutation]
  2286 | D:3      | Lost mutation: Your mind is acute. (Int +2) [potion of
                  | mutation]
  2286 | D:3      | Gained mutation: You are agile. (Dex +2) [potion of
                  | mutation]
  2286 | D:3      | Gained mutation: You are frail. (-10% HP) [potion of
                  | mutation]
  2286 | D:3      | Gained mutation: You are very agile. (Dex +4) [potion of
                  | mutation]
  2465 | D:3      | Noticed Natasha
  2467 | D:3      | Killed Natasha
  2468 | D:3      | Reached XP level 5. HP: 30/30 MP: 5/5
  2477 | D:3      | Noticed Natasha
  2483 | D:3      | Killed Natasha
  2484 | D:3      | Reached skill level 9 in Stealth
  2511 | D:3      | Noticed Natasha
  2574 | D:3      | Killed Natasha
  2724 | D:3      | Noticed an orc warrior
  2731 | D:3      | Killed an orc warrior
  2732 | D:3      | Reached skill level 10 in Stealth
  2732 | D:3      | Reached XP level 6. HP: 35/35 MP: 6/6
  2888 | D:4      | Found a staircase to the Ecumenical Temple.
  2929 | Temple   | Entered the Ecumenical Temple
  3114 | D:4      | Found a broken altar of Ashenzari.
  3168 | D:4      | Reached skill level 11 in Stealth
  3584 | D:4      | Reached XP level 7. HP: 39/40 MP: 7/7
  4786 | D:4      | Reached skill level 12 in Stealth
  5259 | D:5      | Entered Level 5 of the Dungeon
  5268 | D:5      | Noticed Dowan
  5272 | D:5      | Noticed Duvessa
  5275 | D:5      | Killed Duvessa
  5283 | D:5      | Killed Dowan
  5430 | D:5      | Reached skill level 13 in Stealth
  5596 | D:5      | Reached XP level 8. HP: 12/45 MP: 8/8
  5838 | D:5      | Noticed Sigmund
  5845 | D:5      | Killed Sigmund
  5846 | D:5      | Reached skill level 14 in Stealth
  5987 | D:5      | Found an opulent altar of Gozag.
  6039 | D:5      | Became a worshipper of Gozag Ym Sagoz the Greedy
  6047 | D:5      | Identified the +5 mace "Transmigrator" {vamp, Str+5}
  6130 | D:5      | Noticed Blork the orc
  6136 | D:5      | Killed Blork the orc
  6216 | D:6      | Found a sacrificial altar of Ru.
  6216 | D:6      | Found a stormy altar of Qazlal.
  6216 | D:6      | Found a sparkling altar of Nemelex Xobeh.
  6462 | D:6      | Found a burning altar of Makhleb.
  6464 | D:6      | Found a bloodstained altar of Trog.
  6465 | D:6      | Found a shadowy altar of Dithmenos.
  6465 | D:6      | Found an ornate altar of the Wu Jian Council.
  6466 | D:6      | Found an ancient bone altar of Kikubaaqudgha.
  6734 | D:5      | Reached skill level 15 in Stealth
  7026 | D:6      | Reached skill level 16 in Stealth
  7381 | D:6      | Noticed Grinder
  7388 | D:6      | Killed Grinder
  7389 | D:6      | Reached XP level 9. HP: 48/48 MP: 9/9
  7395 | D:6      | Learned a level 5 spell: Silence
  7666 | D:6      | Reached skill level 17 in Stealth
  8324 | D:7      | HP: 2/48 [centaur/arrow (9)]
  8327 | D:7      | Shot with an arrow by a centaur

Illustrated notes

Levels and vault maps discovered:
D:1:      eino_arrival_water_star, layout_basic, serial_shops, shop_statue,
          minmay_rat_gold_closets
D:2:      layout_rooms, basic_altar, ebering_ecumenical_altar_hall
D:3:      layout_basic, grunt_decor_arrowhead, hangedman_decor_riveting,
          uniq_natasha
D:4:      minmay_goblin_kobold_castle, layout_basic, evilmike_ruin_ashenzari,
          temple_green
D:5:      layout_rooms, mainiacjoe_overflow_24_doors, uniq_sigmund,
          uniq_blork_the_orc, uniq_duvessa
D:6:      layout_cave_pods, grunt_temple_overflow_open, uniq_grinder
D:7:      layout_loops_ring, vehumet_altar_wand_db
Temple:   dpeg_three_leaves_temple

Skill      XL: |  1  2  3  4  5  6  7  8  9 |
---------------+----------------------------+-----
Stealth        | 6 7 8 10 11 13 16 17 | 17.6
Fighting       | |  2.0
Short Blades   | |  2.7
Throwing       | |  2.0
Dodging        | |  1.7
Evocations     | |  0.2

Action                   |  1- 3 |  4- 6 |  7- 9 || total
-------------------------+-------+-------+-------++-------
Melee: Dagger            |    81 |   145 |   215 ||   441
       Constrict         |    22 |    31 |    45 ||    98
       Tentacles         |    18 |    35 |    58 ||   111
       Punch             |     2 |       |     2 ||     4
Evoke: Wand              |       |       |     1 ||     1
  Use: Scroll            |     1 |     5 |     8 ||    14
       Potion            |       |     3 |     5 ||     8
 Stab: Sleeping          |    12 |    17 |    33 ||    62
       Distracted        |       |     1 |     1 ||     2
Armor: Skin              |     9 |    10 |     8 ||    27
Dodge: Dodged            |    43 |    81 |   112 ||   236
